 Dungeon Crawl Stone Soup version 0.23-a0-303-gfcac5de (webtiles) character file.

170 Amnesiac the Ducker (level 5, -11/32 HPs)
             Began as a Deep Elf Fighter on Oct 8, 2018.
             Blown up by Ijyb (19 damage)
             ... with a wand of disintegration (13)
             ... on level 3 of the Dungeon.
             The game lasted 00:04:52 (3119 turns).

Amnesiac the Ducker (Deep Elf Fighter)              Turns: 3119, Time: 00:04:53

Health: -11/32     AC: 13    Str: 14    XL:     5   Next: 25%
Magic:  7/7        EV:  2    Int: 13    God:
Gold:   88         SH:  8    Dex: 14    Spells: 4/4 levels left

rFire    . . .     SeeInvis .   a - +0 long sword
rCold    . . .     Gourm    .   c - +0 shield
rNeg     . . .     Faith    .   i - +0 plate armour
rPois    .         Spirit   .   m - +1 helmet
rElec    .         Reflect  .   (no cloak)
rCorr    .         Harm     .   (no gloves)
MR       .....                  (no boots)
Stlth    ..........             (no amulet)
HPRegen  0.10/turn              (no ring)
MPRegen  0.10/turn              (no ring)

@: lethally poisoned (-11 -> -30)
A: no striking features
a: no special abilities


You were on level 3 of the Dungeon.
You were not hungry.

You visited 2 branches of the dungeon, and saw 5 of its levels.

You collected 88 gold pieces.

Inventory:

Hand Weapons
 a - a +0 long sword (weapon)
 b - a +2 dagger of pain
 g - a +0 hunting sling
Missiles
 j - 60 stones (quivered)
 o - 40 arrows
Armour
 c - a +0 shield (worn)
 i - a +0 plate armour (worn)
 l - a +0 ring mail of fire resistance
 m - a +1 helmet (worn)
Jewellery
 e - a cursed ring of teleportation {unknown}
Wands
 p - a wand of flame (29)
Scrolls
 n - a scroll of random uselessness {!r, unknown}
 q - 2 scrolls of remove curse {!r, unknown}
 r - a scroll of teleportation {!r, unknown}
 s - a scroll of blinking {!r, unknown}
Potions
 d - a potion of might {!q}
 h - a potion of berserk rage {!q, unknown}
Comestibles
 f - 8 rations
 k - a chunk of flesh


   Skills:
 * Level 3.4 Fighting
 - Level 2.0 Long Blades
 * Level 3.3 Armour
 + Level 3.4 Dodging
 - Level 2.4 Shields


You had 4 spell levels left.
You didn't know any spells.
Your spell library was empty.

Dungeon Overview and Level Annotations

Branches:
Dungeon (4/15)             Temple (1/1) D:4

Altars:
Ashenzari
Dithmenos
Fedhas
Hepliaklqana
Kikubaaqudgha
Makhleb
Sif Muna
Vehumet
Xom
Yredelemnul
The Shining One

Annotations:
D:3 Ijyb


Message History

The bat hits you but does no damage. The bat barely misses you.
The bat barely misses you.
Your plate armour prevents you from hitting the bat.
The bat is moderately wounded.
You are feeling hungry.
The bat hits you but does no damage.
You slash the bat!
You kill the bat!
No target in view!
No target in view!
No target in view!
No target in view!
No target in view!
Eating one of 3 chunks of flesh.
You eat one of the 3 chunks of flesh.
This raw flesh tastes terrible.
You butcher the bat corpse.
k - 3 chunks of flesh (gained 1)
You see here a bat skeleton. x2
You see here a leather armour.
Done exploring.
Done exploring.
Done exploring.
There is an escape hatch in the floor here.
Some of the chunks of flesh in your inventory have rotted away.
You slide downwards.
The hatch slams shut behind you.
Found a robe.
Key pressed, stopping explore.
No target in view!
No target in view!
n - a scroll labeled VYBOUSHESU {!r} No target in view!
A goblin and Ijyb come into view.
Ijyb is wielding a dagger of venom.
Ijyb shouts!
There are monsters nearby!
You block Ijyb's attack.
Your plate armour prevents you from hitting Ijyb.
Ijyb hits you but does no damage.
You are poisoned.
You hit Ijyb.
Ijyb is lightly wounded.
You feel sick. Ijyb screams, "Me kill you!"
Ijyb hits you with a dagger of venom.
You are more poisoned.
You hit Ijyb but do no damage.
Ijyb is lightly wounded.
You feel sick.
Ijyb zaps a wand.
You struggle to resist.
It is a wand of disintegration (14).
You block Ijyb's attack.
You closely miss Ijyb.
Ijyb is lightly wounded.
You feel sick. Ijyb hits you but does no damage.
Some of the chunks of flesh in your inventory have rotted away.
Your shield and plate armour prevent you from hitting Ijyb.
Ijyb is lightly wounded.
You feel sick. Ijyb hits you but does no damage.
You are more poisoned.
You hit Ijyb but do no damage.
Ijyb is lightly wounded.
You feel sick.
Ijyb zaps a wand.
You are blasted!
* * * LOW HITPOINT WARNING * * *
Ijyb zaps a wand.
You are blasted!
Ouch! That really hurt!
You die...

.##....#.#...#
.#.#.#.#.#...#
.........#...#
.#.#.#.#.#...#
.........#...#
.#.#.#.#.....#####
.........#.......#
.......#.#....##.#
.......#......##@#
.......##.....##g#
.......##.#.#.##g.
.......##...#.##...
.......###..#.##...#
.......# #..#.##...#
.####### #..#.##...#
. ##.#.##...# #.#.#


You could see Ijyb and a goblin.

Vanquished Creatures
  A hound (D:4)
  A hound skeleton (D:2)
  Robin (D:2)
  3 adders
  An adder skeleton (D:4)
  4 worms
  A dart slug (D:2)
  An orc (D:2)
  4 bats (D:2)
  3 giant cockroaches
  17 goblins
  13 hobgoblins
  2 jackals (D:4)
  5 kobolds
  2 quokkas
  A ball python (D:1)
  3 frilled lizards
  A giant cockroach zombie (D:2)
  4 rats (D:2)
68 creatures vanquished.

Notes
Turn   | Place    | Note
-------+----------+-------------------------------------------
     0 | D:1      | Amnesiac the Deep Elf Fighter began the quest for the Orb.
     0 | D:1      | Reached XP level 1. HP: 13/13 MP: 3/3
    61 | D:1      | Reached skill level 1 in Dodging
   223 | D:1      | Reached XP level 2. HP: 8/18 MP: 4/4
   553 | D:2      | Reached XP level 3. HP: 14/22 MP: 5/5
   939 | D:3      | Found a shattered altar of Ashenzari.
  1092 | D:4      | Reached XP level 4. HP: 4/27 MP: 6/6
  1584 | D:4      | Found a staircase to the Ecumenical Temple.
  1594 | Temple   | Entered the Ecumenical Temple
  2244 | D:3      | Found a glowing golden altar of the Shining One.
  2519 | D:2      | Noticed Robin
  2551 | D:2      | Reached XP level 5. HP: 31/32 MP: 7/7
  2566 | D:2      | Killed Robin
  3111 | D:3      | Noticed Ijyb
  3119 | D:3      | Blown up by Ijyb

Vault maps used:
D:1:      scummos_arrival_gate
D:2:      grunt_decor_fettered, uniq_robin
D:3:      nicolae_tso_swordbearing_angel, nicolae_overflow_hidden_temple,
          st_stairs_13, uniq_ijyb
D:4:      cheibrodos_greedy_goblins, cheibriados_altar_1, temple_statues,
          first_ration
Temple:   jpeg_temple_island

Skill      XL: |  1  2  3  4 |
---------------+-------------+-----
Dodging        | 1 3 |  3.4
Long Blades    | 2 |  2.0
Fighting       | 3 |  3.4
Armour         | 3 |  3.3
Shields        | |  2.4

Action                   |  1- 3 |  4- 6 || total
-------------------------+-------+-------++-------
Melee: Long sword        |   123 |   189 ||   312
       Dagger            |     4 |       ||     4
  Use: Scroll            |       |     3 ||     3
  Eat: Chunk             |     1 |     7 ||     8
Armor: Scale mail        |    29 |       ||    29
       Plate armour      |    62 |   140 ||   202
Dodge: Dodged            |    45 |    17 ||    62
Block: Shield            |    53 |   109 ||   162
       Buckler           |     5 |       ||     5
       Rpst.: Long sword |     9 |     6 ||    15

Table legend:
 A = Non-vault XP
 B = Vault XP
 C = Vault XP percentage of total XP
 D = Non-vault monster count
 E = Vault monster count
 F = Vault count percentage of total count
                 A         B        C        D         E       F
            +---------+---------+-------+---------+---------+-------
      Total |     207 |      36 |  14.8 |      56 |      12 |  17.6
            +---------+---------+-------+---------+---------+-------
        D:1 |      17 |       0 |   0.0 |      10 |       0 |   0.0
        D:2 |      66 |      36 |  35.3 |      26 |      12 |  31.6
        D:3 |      53 |       0 |   0.0 |      13 |       0 |   0.0
        D:4 |      71 |       0 |   0.0 |       7 |       0 |   0.0
            +---------+---------+-------+---------+---------+-------
